 Dungeon Crawl Stone Soup version 0.27.1-33-g824d729ab1 (webtiles) character file.

Game seed: 5641471474493193140

61 bellerephron the Chopper (level 3, -2/29 HPs)
             Began as a Demonspawn Berserker on Nov 27, 2021.
             Was a Believer of Trog.
             Killed from afar by Natasha (5 damage)
             ... with a magic dart
             ... on level 2 of the Dungeon.
             The game lasted 00:02:32 (889 turns).

bellerephron the Chopper (Demonspawn Berserker)      Turns: 889, Time: 00:02:33

Health: -2/29      AC:  3    Str: 18    XL:     3   Next: 83%
Magic:  3/3        EV: 12    Int:  8    God:    Trog [**....]
Gold:   0          SH:  0    Dex: 12    Spells: 2/2 levels left

rFire    . . .     SeeInvis .   a - +0 hand axe
rCold    . . .     Faith    +   (no shield)
rNeg     . . .     Spirit   .   i - +0 leather armour
rPois    .         Reflect  .   (no helmet)
rElec    .         Harm     .   (no cloak)
rCorr    .         Rampage  .   (no gloves)
Will     ++...                  (no boots)
Stlth    +.........             h - amulet of faith
HPRegen  1.09/turn              (no ring)
MPRegen  0.08/turn              (no ring)

@: strong-willed (expiring), on berserk cooldown, flying, regenerating
(expiring), slowed, very slow
A: talons 1
a: Renounce Religion, Berserk, Trog's Hand


You were on level 2 of the Dungeon.
You worshipped Trog.
Trog was pleased with you.
You visited 1 branch of the dungeon, and saw 2 of its levels.

Inventory:

Hand Weapons
 a - a +0 hand axe (weapon)
Missiles
 d - 25 stones (quivered)
Armour
 i - a +0 leather armour (worn)
Jewellery
 h - an amulet of faith (around neck)
Scrolls
 b - a scroll of enchant armour {unknown}
 e - a scroll of fog {unknown}
 f - a scroll of noise {unknown}
 g - 2 scrolls of teleportation {unknown}
Potions
 j - a potion of berserk rage


   Skills:
 + Level 3.4 Fighting
 * Level 3.9 Axes
 + Level 1.8 Armour
 + Level 2.0 Dodging


You had 2 spell levels left.
You didn't know any spells.
Your spell library was empty.

Dungeon Overview and Level Annotations

Branches:
Dungeon (1/15)

Altars:

Annotations:
D:2 Natasha


Innate Abilities, Weirdness & Mutations

You have sharp toenails.


Message History

* * * LOW HITPOINT WARNING * * *
Natasha claws you but does no damage.
Unknown command.
It was a potion of berserk rage.
You're still recovering from your berserk rage.
Natasha mumbles some strange words.
It was a potion of flight.
You feel very buoyant.
You fly up into the air.
Natasha closely misses you. Natasha misses you.
Okay, then.
Your skin crawls.
You feel strong-willed. The crimson imp hits you.
* * * LOW HITPOINT WARNING * * *
Natasha claws you but does no damage.
The crimson imp hits you but does no damage.
Natasha casts a spell at you. The magic dart hits you.
* * * LOW HITPOINT WARNING * * *
The crimson imp blinks!
You barely miss Natasha. You claw Natasha.
Natasha is lightly wounded.
Natasha claws you.
* * * LOW HITPOINT WARNING * * *
Natasha mumbles some strange words.
You hit Natasha but do no damage.
Natasha is lightly wounded.
The crimson imp lashes its tail.
Natasha claws you but does no damage. The crimson imp barely misses you.
Natasha claws you.
* * * LOW HITPOINT WARNING * * *
Unknown command.
You closely miss Natasha. Your kick misses Natasha.
Natasha is lightly wounded.
You hit the crimson imp but do no damage. x2
You feel the effects of Trog's Hand fading.
The crimson imp completely misses you. x2
Natasha stares at you and mumbles some strange words.
The magic dart hits you.
You die...

#.......#..#
#.........# #..####.##
##.# ## #†#
##.################
#..#..............##
#..'.......5.......##
#..#.....†5@h.......##
##.##############....#
#.# ##...# #.#
#######....# #.#
......h...## #.+
.........## ###
........## #########


You could see Natasha and 2 crimson imps.

Vanquished Creatures
  Natasha (D:2)
  A worm (D:2)
  2 dart slugs (D:1)
  2 ball pythons (D:1)
  4 endoplasms (D:1)
  3 goblins (D:1)
  4 hobgoblins (D:1)
  A quokka (D:1)
  2 bats (D:2)
  7 frilled lizards (D:1)
  3 rats (D:1)
  A spectral kobold (D:1)
31 creatures vanquished.

Vanquished Creatures (others)
  6 plants (D:1)
6 creatures vanquished.

Grand Total: 37 creatures vanquished

Notes
Turn   | Place    | Note
-------+----------+-------------------------------------------
     0 | D:1      | bellerephron the Demonspawn Berserker began the quest for
                  | the Orb.
     0 | D:1      | Reached XP level 1. HP: 18/18 MP: 1/1
    70 | D:1      | Gained mutation: You have sharp toenails. [demonic
                  | ancestry]
    70 | D:1      | Reached XP level 2. HP: 24/24 MP: 2/2
   217 | D:1      | Found a faded altar of an unknown god.
   373 | D:1      | Reached ** piety under Trog
   427 | D:1      | Reached XP level 3. HP: 14/29 MP: 3/3
   725 | D:1      | You fall into a shaft and drop 1 floor!
   847 | D:2      | Noticed Natasha
   858 | D:2      | Killed Natasha
   871 | D:2      | Noticed Natasha
   885 | D:2      | HP: 1/29 [Natasha/magic dart (5)]
   889 | D:2      | Killed from afar by Natasha

Illustrated notes

Levels and vault maps discovered:
D:1:      noname_arrival_rooms_in_the_neighbourhood, layout_rooms,
          dreamdust_ecumenical_altar_drowned_temple, minmay_lizard_king
D:2:      layout_basic, basic_altar, minivault_26, nrook_uturn,
          hangedman_decor_opposing, uniq_natasha

Skill      XL: |  1  2  3 |
---------------+----------+-----
Axes           | 3 |  3.9
Dodging        | 2 |  2.0
Fighting       | |  3.4
Armour         | |  1.8

Action                   || total
-------------------------++-------
Melee: Hand axe          ||    68
       Kick              ||    14
Invok: Berserk           ||     3
       Trog's Hand       ||     1
  Use: Potion            ||     2
 Stab: Sleeping          ||     1
Armor: Animal skin       ||     5
       Leather armour    ||    11
Dodge: Dodged            ||    53
